[Event "*** MasterClass Titled Tuesday Blitz"]
[Site "Chess.com"]
[Date "2017.12.12"]
[Round "2"]
[White "Oleksandr_Bortnyk"]
[Black "vanea_03"]
[Result "1/2-1/2"]
[WhiteElo "2825"]
[BlackElo "2538"]
[TimeControl "180+2"]
[EndTime "13:26:23 PST"]
[Termination "Game drawn - insufficient material"]

1. e4 c6 2. Nc3 d5 3. Nf3 Bg4 4.
h3 Bxf3 5. Qxf3 e6 6. d3 Nd7 7. Be2 Bb4 8. O-O Ne7 9. Qg3 Ng6 10. Nd1 O-O 11. c3 Ba5 12. f4 Bc7 13. e5 f6 14. d4 c5 15. Bg4 f5 16. Bh5 cxd4 17. Bxg6 hxg6 18. Qxg6 Qe8 19. Qxe8 Rfxe8 20. cxd4 Bb6 21. Be3 Nb8 22. Nc3 Nc6 23. Rfd1 a6 24. Kf2 Rac8 25. Rac1 Na5 26. b3 Ba7 27. Ne2 Nc6 28. g4 g6 29. gxf5 gxf5 30. Rg1+ Kf7 31. Rg5 Nb4 32. Rcg1 Rg8 33. a4 Nc6 34. h4 Rcf8 35.
h5 Ne7 36. h6 Rg6 37. Rxg6 Nxg6 38. Rc1 Bb6 39. b4 Ne7 40. Rh1 Rh8 41. Ng1 Nc6 42.
Nf3 Kg6 43. b5 axb5 44. axb5 Nd8 45. Ng5 Rxh6 46. Rg1 Rh2+ 47. Kf3 Kh6 48. Rc1 Rb2 49. Rh1+ Kg6 50. Rh8 Rxb5 51. Rg8+ Kh6 52. Rxd8 Bxd8 53. Nf7+ Kg7 54. Nxd8 Rb6 55. Bf2 Kf8 56. Bh4 Ke8 57.
Ke2 Kd7 58. Nf7 Rb4 59. Kd3 Rb3+ 60. Kd2 b5 61. Nd6 b4 62. Kc2 Rc3+ 63. Kb2 Rd3 64. Nb7 Rxd4 65. Nc5+ Kc6 66. Nxe6 Re4 67. Kb3 d4 68. Kxb4 Kd5 69. Nc7+ Kc6 70. Ne6 Kd5 71. Nc7+ Kc6 72. Bd8 Rxf4 73. Kc4 Re4 74. e6 Re1 75. Nd5 Rxe6 76. Nb4+ Kd7 77. Bg5 Rg6 78. Bf4 Rg4 79. Bd2 d3+ 80. Kxd3 Rxb4 81. Bxb4 f4 82. Ke4 f3 83. Kxf3 1/2-1/2

[Event "*** MasterClass Titled Tuesday Blitz"]
[Site "Chess.com"]
[Date "2017.12.12"]
[Round "2"]
[White "kleinebeer98"]
[Black "Arm-Akiba"]
[Result "0-1"]
[WhiteElo "2502"]
[BlackElo "2689"]
[TimeControl "180+2"]
[EndTime "13:26:27 PST"]
[Termination "Arm-Akiba won by resignation"]

1. e4 e5 2. Nf3 Nc6 3. Bb5 a6 4. Ba4 Nf6 5. d3 Bc5 6. Bxc6 dxc6 7. h3 Bd6 8. O-O O-O 9. Nbd2 Be6 10. b3 Nd7 11. Nc4 Bxc4 12. dxc4 Qe7 13. Bg5 Qe6 14.
Nh4 g6 15. Bh6 Rfe8 16. Qf3 Nf6 17. Rad1 Nh5 18. Nf5 gxf5 19. Qxh5 Qg6 20. Qh4 Be7 21. exf5 Bxh4 22. fxg6 hxg6 23. Rd7 Rac8 24. Rfd1 Be7 25.
Be3 f6 26. f3 Kf7 27. Kf2 Ke6 28. f4 e4 29. c5 f5 30. Ke2 Red8 31. Rxd8 Bxd8 32.
c4 Be7 33. Rd2 Rb8 34. Rd1 b5 35. cxb6 cxb6 36. Rd2 b5 37. Rc2 b4 38. Rd2 a5 39. Kd1 a4 40. Kc2 Ra8 41. Kb2 Bf6+ 42. Kc2 Bc3 43. Re2 axb3+ 44. axb3 Ra2+ 45. Kd1 Ra1+ 46. Kc2 Rf1 47. Bc1 c5 48. Be3 Bd4 49. Bd2 Ra1 50. Bc1 Ra2+ 51. Kd1 Ra8 52. Kc2 Kf6 53. Kd1 Ra7 54. Kc2 Ra1 55. Kd1 Kg7 56. g4 Kf6 57. Kc2 Ra8 58. Kd1 Ke6 59. Rh2 Ra1 60. Re2 Ra8 61. Rg2 Rh8 62. gxf5+ gxf5 63. Rg6+ Kf7 64. Rg5 Kf6 65. Rg3 Ra8 66. Rg2 Ra1 67. Re2 Kg6 68. Rg2+ Kh6 69. Re2 Kh5 70. Kc2 Ra2+ 71. Kd1 Rxe2 72.
Kxe2 Kh4 73. Bd2 Kxh3 74. Bc1 Kg4 75. Bd2 Kg3 76. Bc1 e3 77. Kf1 Kxf4 78. Ke1 Ke4 79. Ke2 f4 80. Kf1 f3 81. Bd2 e2+ 82. Ke1 Kd3 83. Be3 Bc3+ 0-1

[Event "*** MasterClass Titled Tuesday Blitz"]
[Site "Chess.com"]
[Date "2017.12.12"]
[Round "2"]
[White "Noukii"]
[Black "jncool68"]
[Result "1/2-1/2"]
[WhiteElo "2612"]
[BlackElo "2478"]
[TimeControl "180+2"]
[EndTime "13:26:44 PST"]
[Termination "Game drawn - insufficient material"]

1. d4 Nf6 2. Nf3 e6 3. Bg5 h6 4. Bxf6 Qxf6 5. e4 d6 6. c3 g5 7. a4 Bg7 8. Na3 Qe7 9. Be2 Nd7 10. O-O Nf6 11. Nd2 a6 12. Nac4 b6 13. Qc2 Bb7 14. Rae1 O-O 15. Ne3 c5 16. d5 exd5 17. exd5 Nxd5 18.
Nxd5 Bxd5 19. Bf3 Qb7 20. Ne4 Bxe4 21. Rxe4 d5 22. Re2 Rad8 23. Qf5 Qd7 24. Qd3 Qxa4 25. Bxd5 Qf4 26. g3 Qd6 27. Rd1 Qf6 28. Qxa6 Rd6 29.
Qc4 Rfd8 30. Qe4 Kf8 31. c4 Kg8 32. Rd3 R6d7 33. Rf3 Qd6 34. h4 Bd4 35. hxg5 hxg5 36. Qg4 Qh6 37. Rf5 Bf6 38. Kg2 Kg7 39. Qh3 Qxh3+ 40.
Kxh3 Kg6 41. Kg4 Kg7 42. b3 Rd6 43. Ra2 R8d7 44. Ra8 Rd8 45. Ra2 R8d7 46. Re2 Rd8 47. Re3 R8d7 48. Ref3 Re7 49. Rd3 Red7 50. Re3 Rd8 51.
f4 gxf4 52. Kxf4 R8d7 53. g4 Bd4 54. Rf3 Rf6 55. Rxf6 Kxf6 56. g5+ Kg7 57. Kf5 Re7 58.
Kg4 Rd7 59. Kh5 Re7 60. Rf1 Rd7 61. Re1 Kf8 62. Re2 Re7 63. Ra2 Re5 64. Ra8+ Kg7 65. Ra7 Rf5 66. Kg4 Rf1 67. Rb7 Be3 68. Rxb6 Rg1+ 69. Kf5 Rxg5+ 70. Ke4 Bd4 71. Rb7 Rg3 72. Bxf7 Kf6 73. Be8 Re3+ 74. Kd5 Re5+ 75. Kc6 Rxe8 76. b4 cxb4 77. Rxb4 Re6+ 78. Kd5 Bf2 79. Rb2 Be3 80.
Rh2 Re5+ 81. Kd6 Ra5 82. Re2 Bd4 83. Re4 Be5+ 84. Kc6 Ra8 85. c5 Ke6 86. Kb6 Rb8+ 87. Kc6 Rc8+ 88. Kb6 Kd5 89. Re1 Rb8+ 90. Ka7 Rb5 91.
c6 Rc5 92. Kb7 Rb5+ 93. Ka6 Rb4 94. Rxe5+ Kxe5 95. c7 Rc4 96. Kb7 Rb4+ 97. Ka7 Ra4+ 98. Kb7 Rb4+ 99. Ka7 Rc4 100. Kb7 Rxc7+ 101. Kxc7 1/2-1/2

[Event "*** MasterClass Titled Tuesday Blitz"]
[Site "Chess.com"]
[Date "2017.12.12"]
[Round "2"]
[White "ChristopherYoo"]
[Black "MaxLeto"]
[Result "0-1"]
[WhiteElo "2260"]
[BlackElo "2409"]
[TimeControl "180+2"]
[EndTime "13:26:46 PST"]
[Termination "MaxLeto won by resignation"]

1. e4 h5 2. d4 h4 3. c4 d6 4. h3 e5 5. d5 a5 6. Nc3 Na6 7. Be3 Nc5 8. a3 Nf6 9. Bxc5 dxc5 10.
Bd3 Nh5 11. Qf3 Nf4 12. Nge2 Bd6 13. O-O-O Qg5 14. Kb1 Nxd3 15. Rxd3 Bd7 16. Qe3 Qg6 17. Rg1 O-O-O 18. f4 exf4 19. Nxf4 Qf6 20. Nfe2 Rde8 21. Rgd1 Rh5 22. Qf3 Qh6 23. Rf1 f6 24. Nf4 Rhe5 25. Nfe2 R5e7 26. b3 b6 27. Qe3 Qh7 28. Qf3 Be5 29.
Ka2 Kb7 30. a4 Bd6 31. Nf4 Qh6 32. Rdd1 Be5 33. Nfe2 Bd6 34. Rd3 Rf8 35. Qe3 Qh7 36. Nf4 Rfe8 37. Re1 f5 38. Ne6 Bxe6 39. dxe6 Rxe6 40.
Qg5 fxe4 41. Rde3 Re5 42. Qg4 g5 43. Nxe4 Qe7 44. Nxd6+ Qxd6 45. Qf3+ Ka7 46. Rxe5 Rxe5 47. Rd1 Qe7 48. Rd2 Re1 49. Qc6 Qe5 50. Rb2 Rd1 51. Qf3 Qe1 52. Rc2 Ra1+ 53. Kb2 Qb1+ 54. Kc3 Ra3 55. Rb2 Qc1+ 56. Rc2 Qb1 57. Rb2 Qc1+ 58. Rc2 Qa1+ 59. Rb2 Ra2 60. Qe2 Qc1+ 61. Rc2 Rxc2+ 62. Qxc2 Qe3+ 63. Qd3 Qe1+ 64. Qd2 Qe5+ 65. Kc2 Qg3 66. Qe2 Kb7 67. Qe4+ Kc8 68. Qe8+ Kb7 69. Qe4+ Ka7 70. Qc6 Qf2+ 71. Kb1 Qe1+ 72. Kb2 Qe5+ 73. Kb1 Kb8 74. Qf3 Kc8 75. Qf8+ Kd7 76. Qf7+ Kd6 77. Qf8+ Ke6 78. Qe8+ Kf5 79. Qd7+ Kf4 80. Qg4+ Ke3 81. Qf3+ Kd4 82. Qf2+ Qe3 83. Qf6+ Kd3 84. Qf5+ Qe4 85. Qxg5 Kc3+ 86. Ka1 Qe1+ 87. Ka2 Qe2+ 0-1

[Event "*** MasterClass Titled Tuesday Blitz"]
[Site "Chess.com"]
[Date "2017.12.12"]
[Round "3"]
[White "mishanick"]
[Black "platy3"]
[Result "0-1"]
[WhiteElo "2762"]
[BlackElo "2583"]
[TimeControl "180+2"]
[EndTime "13:27:51 PST"]
[Termination "platy3 won by resignation"]

1. d4 Nf6 2. c4 g6 3. Nc3 Bg7 4. e4 d6 5. Nf3 O-O 6. Be2 e5 7. Be3 Ng4 8. Bg5 f6 9. Bh4 Nc6 10. d5 Ne7 11. Nd2 h5 12. f3 Ne3 0-1

[Event "*** MasterClass Titled Tuesday Blitz"]
[Site "Chess.com"]
[Date "2017.12.12"]
[Round "3"]
[White "Vrolijk"]
[Black "gmcorrales"]
[Result "0-1"]
[WhiteElo "2444"]
[BlackElo "2622"]
[TimeControl "180+2"]
[EndTime "13:29:12 PST"]
[Termination "gmcorrales won by resignation"]

1. d4 g6 2. c4 Bg7 3. e4 d6 4. Nc3 c5 5. Nf3 cxd4 6. Nxd4 Nc6 7. Be3 Nf6 8. Be2 O-O 9. O-O Nxd4 10. Bxd4 a5 11. Qd2 a4 12. f3 Be6 13. Rac1 Qa5 14.
Rfd1 Rfc8 15. Nb5 Qxd2 16. Rxd2 Bh6 17. Rdc2 Bxc1 18. Rxc1 Nd7 19. Kf2 Ne5 20. Na3 b5 21.
Bxe5 dxe5 22. Nxb5 Rab8 23. Rc2 Rxb5 0-1

[Event "*** MasterClass Titled Tuesday Blitz"]
[Site "Chess.com"]
[Date "2017.12.12"]
[Round "3"]
[White "xamax2000"]
[Black "dolynachess"]
[Result "1-0"]
[WhiteElo "2256"]
[BlackElo "2288"]
[TimeControl "180+2"]
[EndTime "13:29:40 PST"]
[Termination "xamax2000 won by resignation"]

1. e4 d5 2. exd5 Qxd5 3. Nc3 Qd8 4. d4 Nf6 5. Nf3 Bg4 6. Bc4 e6 7. h3 Bxf3 8. Qxf3 c6 9. Be3 Bb4 10. O-O Bxc3 11. bxc3 Nbd7 12. Bd3 Qa5 13. Rfb1 Rb8 14. Bf4 e5 15. dxe5 Nd5 16. e6 1-0

[Event "*** MasterClass Titled Tuesday Blitz"]
[Site "Chess.com"]
[Date "2017.12.12"]
[Round "3"]
[White "Quiet_Desperation"]
[Black "NewBornNow"]
[Result "0-1"]
[WhiteElo "2372"]
[BlackElo "2593"]
[TimeControl "180+2"]
[EndTime "13:30:44 PST"]
[Termination "NewBornNow won by resignation"]

1. e4 c6 2. Nc3 d5 3. Nf3 Bg4 4.
h3 Bxf3 5. Qxf3 e6 6. exd5 cxd5 7. d4 Nc6 8. Be3 Bb4 9. Bd3 Nf6 10. O-O O-O 11. Ne2 Bd6 12. c3 e5 13. Bg5 e4 14.
Bxf6 exf3 15. Bxd8 fxe2 16. Bxe2 Raxd8 17. Bf3 Bc7 18.
Rfe1 g6 19. Re2 Kg7 20. Rae1 h5 21. g3 h4 22. Kg2 hxg3 23. fxg3 b5 24. a3 a5 25. h4 b4 26. Rc1 bxa3 27. bxa3 Bd6 28. a4 Ne7 29. g4 Rb8 30. c4 dxc4 31. Rxc4 Rfc8 32. Rxc8 Rxc8 33. Rb2 Rc4 0-1

[Event "*** MasterClass Titled Tuesday Blitz"]
[Site "Chess.com"]
[Date "2017.12.12"]
[Round "3"]
[White "JoachimBN"]
[Black "jefferyx"]
[Result "1/2-1/2"]
[WhiteElo "2578"]
[BlackElo "2756"]
[TimeControl "180+2"]
[EndTime "13:30:58 PST"]
[Termination "Game drawn by repetition"]

1. e4 e5 2. Nf3 Nc6 3. Nc3 Nf6 4. d4 exd4 5. Nxd4 Bb4 6. Nxc6 bxc6 7. Bd3 O-O 8. O-O d5 9. exd5 cxd5 10. Qf3 c6 11.
h3 Rb8 12. Bf4 Bd6 13. b3 Rb4 14. Bxd6 Qxd6 15. Qg3 Qe7 16. Rfe1 Be6 17. a3 Rbb8 18. Ne2 c5 19. Nf4 Qd7 20. Nxe6 fxe6 21. Qe5 Rbe8 22. f4 Qc6 23. c4 Nd7 24. Qh5 Nf6 25. Qe5 Nd7 26.
Qh5 Nf6 27. Qe5 Nd7 1/2-1/2

[Event "*** MasterClass Titled Tuesday Blitz"]
[Site "Chess.com"]
[Date "2017.12.12"]
[Round "3"]
[White "Oleksandr_Bortnyk"]
[Black "Krasimir_Rusev"]
[Result "1-0"]
[WhiteElo "2829"]
[BlackElo "2510"]
[TimeControl "180+2"]
[EndTime "13:30:59 PST"]
[Termination "Oleksandr_Bortnyk won by resignation"]

1. e4 e5 2. Nf3 d6 3. d4 exd4 4.
Nxd4 Nf6 5. Nc3 Be7 6. h3 O-O 7. Be3 Re8 8. g3 Nbd7 9. Bg2 Ne5 10. O-O Bf8 11. b3 c6 12. Qd2 c5 13. Nf5 Nxe4 14.
Nh6+ gxh6 15. Nxe4 Bxh3 16. Bxh6 Bxg2 17. Kxg2 d5 18. Bxf8 dxe4 19. Qh6 Rxf8 20. Rh1 Re8 21. Qxh7+ Kf8 22. Qh8+ Ke7 23. Qxe5+ 1-0

[Event "*** MasterClass Titled Tuesday Blitz"]
[Site "Chess.com"]
[Date "2017.12.12"]
[Round "3"]
[White "jcibarra"]
[Black "DrVelja"]
[Result "1-0"]
[WhiteElo "2697"]
[BlackElo "2548"]
[TimeControl "180+2"]
[EndTime "13:31:00 PST"]
[Termination "jcibarra won by resignation"]

1. e4 c5 2. Nf3 e6 3. c3 Nf6 4.
e5 Nd5 5. d4 cxd4 6. cxd4 d6 7.
a3 Be7 8. Bd3 O-O 9. O-O Nc6 10.
Qc2 g6 11. Bh6 Re8 12. Nc3 Nxc3 13. Qxc3 dxe5 14. dxe5 Bd7 15. Be4 Qb6 16. Rfd1 Rad8 17. h4 Bc5 18. Rd2 Bc8 19. b4 Rxd2 20. bxc5 Qb2 21.
Bxd2 1-0

[Event "*** MasterClass Titled Tuesday Blitz"]
[Site "Chess.com"]
[Date "2017.12.12"]
[Round "3"]
[White "goldenspine"]
[Black "pedromartinez91"]
[Result "0-1"]
[WhiteElo "2276"]
[BlackElo "2192"]
[TimeControl "180+2"]
[EndTime "13:31:38 PST"]
[Termination "pedromartinez91 won by resignation"]

1. e4 c5 2. Nf3 Nc6 3. g3 g6 4. Bg2 Bg7 5. O-O d6 6. Re1 e5 7.
h3 Nge7 8. d3 O-O 9. Be3 h6 10.
Nbd2 f5 11. Nc4 f4 12. Bd2 g5 13. c3 Be6 14. gxf4 exf4 15. e5 d5 16. Nd6 Qd7 17. d4 Bxh3 18. e6 Bxe6 19. Nxb7 Bh3 20. Nxc5 Qg4 21.
Nh4 f3 22. Re3 gxh4 0-1

[Event "*** MasterClass Titled Tuesday Blitz"]
[Site "Chess.com"]
[Date "2017.12.12"]
[Round "3"]
[White "jncool68"]
[Black "RobertoJBM"]
[Result "0-1"]
[WhiteElo "2473"]
[BlackElo "2622"]
[TimeControl "180+2"]
[EndTime "13:31:50 PST"]
[Termination "RobertoJBM won by checkmate"]

1. e4 c6 2. d4 d5 3. e5 Bf5 4. h4 h6 5. g4 Bd7 6. h5 e6 7. f4 c5 8. c3 Nc6 9. Nf3 Qb6 10. Rh2 f6 11. Be3 O-O-O 12. a3 Kb8 13. b4 cxd4 14. cxd4 fxe5 15. fxe5 Nge7 16. Nc3 g6 17.
Na4 Qc7 18. Nc5 gxh5 19. Rxh5 Rg8 20. Rc1 Rxg4 21. Bh3 Rg6 22. b5 Qa5+ 23. Bd2 Qxa3 24. bxc6 Nxc6 25. Nxd7+ Rxd7 26. Rxc6 bxc6 27. Qb1+ Rb7 28.
Qxg6 Qxf3 29. Qe8+ Kc7 30. Ba5+ Rb6 31. Bxb6+ axb6 32.
Kd2 Bb4+ 33. Kc2 Qc3+ 34. Kb1 Qb3+ 35. Kc1 Qc4+ 36. Kd1 Qd3+ 37. Kc1 Ba3# 0-1

[Event "*** MasterClass Titled Tuesday Blitz"]
[Site "Chess.com"]
[Date "2017.12.12"]
[Round "3"]
[White "Angry_Serb"]
[Black "Konavets"]
[Result "0-1"]
[WhiteElo "2432"]
[BlackElo "2770"]
[TimeControl "180+2"]
[EndTime "13:31:53 PST"]
[Termination "Konavets won by resignation"]

1. e4 g6 2. d4 Bg7 3. Nc3 d6 4.
Nf3 a6 5. a4 Nc6 6. h3 e5 7. Be3 exd4 8. Nxd4 Nf6 9. Nxc6 bxc6 10. g3 Rb8 11. Rb1 Nd7 12. Bd4 Ne5 13. Bg2 c5 14. Bxe5 Bxe5 15. Qd3 O-O 16. O-O c6 17. b3 Rb4 18. f4 c4 19. bxc4 Qb6+ 20. Kh2 Bxc3 21. a5 Qb8 22. Rbd1 Bg7 23. e5 dxe5 24. Bxc6 exf4 25. Rxf4 Be5 26. Rh4 Bf5 27. Qe3 Rb2 28.
Qh6 Bxg3+ 29. Kh1 Bxh4 0-1

[Event "*** MasterClass Titled Tuesday Blitz"]
[Site "Chess.com"]
[Date "2017.12.12"]
[Round "3"]
[White "Fighterman91"]
[Black "JohanSalomon"]
[Result "1-0"]
[WhiteElo "2498"]
[BlackElo "2500"]
[TimeControl "180+2"]
[EndTime "13:32:00 PST"]
[Termination "Fighterman91 won by resignation"]

1. e4 e5 2. Nf3 Nc6 3. d4 exd4 4. Nxd4 Qf6 5. Nb5 Bb4+ 6. N1c3 Ba5 7. Bd2 Nge7 8. Nd5 Bxd2+ 9. Qxd2 Nxd5 10. exd5 Qe5+ 11.
Qe2 Kd8 12. O-O-O Qxe2 13. Bxe2 Ne5 14. d6 c6 15. Nc7 Rb8 16. f4 Ng6 17. g3 b5 18.
Rhe1 Rb7 19. Bh5 Rxc7 20. dxc7+ Kxc7 21. f5 Nf8 1-0

[Event "*** MasterClass Titled Tuesday Blitz"]
[Site "Chess.com"]
[Date "2017.12.12"]
[Round "3"]
[White "SenseiJulio"]
[Black "kleinebeer98"]
[Result "1-0"]
[WhiteElo "2506"]
[BlackElo "2490"]
[TimeControl "180+2"]
[EndTime "13:32:37 PST"]
[Termination "SenseiJulio won by resignation"]

1. Nf3 Nf6 2. e3 e6 3. d4 b6 4. c4 Bb7 5. Nc3 Bb4 6. Bd2 O-O 7. Bd3 d5 8. cxd5 exd5 9. Rc1 a6 10. O-O Re8 11. Ne5 Nbd7 12. f4 Bd6 13. Be1 c5 14.
Bh4 b5 15. Nxd7 Qxd7 16. Bxf6 gxf6 17. Qh5 Rxe3 18. Qxh7+ Kf8 19. Rce1 cxd4 20. Ne2 Bc5 21. Ng3 Ke7 22. Nf5+ Kd8 23. Rc1 Bb6 24. Qh8+ 1-0

[Event "*** MasterClass Titled Tuesday Blitz"]
[Site "Chess.com"]
[Date "2017.12.12"]
[Round "3"]
[White "viktoriani"]
[Black "rst2003"]
[Result "0-1"]
[WhiteElo "2058"]
[BlackElo "2189"]
[TimeControl "180+2"]
[EndTime "13:32:41 PST"]
[Termination "rst2003 won by resignation"]

1. d4 Nf6 2. c4 g6 3. Nc3 d5 4.
g3 Bg7 5. Bg2 dxc4 6. Nf3 O-O 7.
O-O c6 8. Ne5 Nbd7 9. Nxc4 Nb6 10. Ne5 Be6 11. e4 Qc7 12. Bf4 Qd8 13. a4 Nh5 14. a5 Nc4 15. a6 Qc8 16. axb7 Qxb7 17.
Nxc6 Nxf4 18. gxf4 Nxb2 19. Qc2 Qxc6 20. e5 Qb6 21.
Rfb1 Rab8 22. Na4 Nxa4 23. Rxb6 Nxb6 24. Rxa7 Bd5 25. Rxe7 Bxg2 26. Kxg2 Nd5 27. Rd7 Nxf4+ 28. Kf3 Ne6 29. d5 Nd4+ 0-1

[Event "*** MasterClass Titled Tuesday Blitz"]
[Site "Chess.com"]
[Date "2017.12.12"]
[Round "3"]
[White "Parhamov"]
[Black "grzechu96"]
[Result "0-1"]
[WhiteElo "2742"]
[BlackElo "2447"]
[TimeControl "180+2"]
[EndTime "13:32:42 PST"]
[Termination "grzechu96 won by checkmate"]

1. Nf3 Nf6 2. c4 g6 3. d4 Bg7 4. Nc3 d5 5. Bg5 Ne4 6. cxd5 Nxg5 7. Nxg5 e6 8. Qd2 exd5 9. Qe3+ Kf8 10. Qf4 Bf6 11.
h4 h6 12. Nxd5 Bxg5 13. Qxc7 Qxd5 14. hxg5 Nc6 15. gxh6 Bf5 16. e3 Rc8 17. Qxb7 Qa5+ 18. Ke2 Nxd4+ 19. exd4 Bg4+ 20. Kd3 Bf5+ 21. Ke3 Re8+ 22.
Kf4 Qd2+ 23. Kf3 Qxd4 24. Qc7 Qg4# 0-1

[Event "*** MasterClass Titled Tuesday Blitz"]
[Site "Chess.com"]
[Date "2017.12.12"]
[Round "3"]
[White "Divertissement"]
[Black "ChristopherYoo"]
[Result "1-0"]
[WhiteElo "2397"]
[BlackElo "2255"]
[TimeControl "180+2"]
[EndTime "13:32:43 PST"]
[Termination "Divertissement won by resignation"]

1. e4 c5 2. Nf3 d6 3. c3 Nf6 4. h3 g6 5. Bd3 Bg7 6. O-O O-O 7. Bc2 b6 8. d4 Bb7 9. d5 Qc7 10. a4 a6 11. Na3 Nbd7 12. Re1 Rad8 13. Bf4 Nh5 14. Bg5 Bf6 15. Qd2 e6 16. Bxf6 Nhxf6 17. c4 e5 18. Qh6 Rb8 19. Bd3 Qd8 20. Nc2 Kh8 21. Ne3 Rg8 22. g4 Qf8 23. Qh4 Qg7 24.
Kg2 Nf8 25. Rh1 Bc8 26. Qg3 g5 27. Nf5 Be6 28. Nxg7 1-0

[Event "*** MasterClass Titled Tuesday Blitz"]
[Site "Chess.com"]
[Date "2017.12.12"]
[Round "3"]
[White "vpantev"]
[Black "BartoszSocko"]
[Result "0-1"]
[WhiteElo "2461"]
[BlackElo "2549"]
[TimeControl "180+2"]
[EndTime "13:32:44 PST"]
[Termination "BartoszSocko won by resignation"]

1. d4 Nf6 2. Nf3 e6 3. c4 Bb4+ 4. Bd2 c5 5. Bxb4 cxb4 6. Qd3 d6 7. Nbd2 O-O 8. g3 Nc6 9. Bg2 e5 10. e3 Re8 11. dxe5 dxe5 12. Qxd8 Rxd8 13. Ng5 Bf5 14. Nge4 Nxe4 15. Nxe4 Rac8 16. Ke2 Bg4+ 17. f3 Bf5 18. Nf2 Na5 19. Rhd1 Nxc4 20. b3 Na3 21. Rxd8+ Rxd8 22. Rc1 Bb1 23. f4 exf4 24. gxf4 Bxa2 25. Rc7 Bxb3 26. Rxb7 a5 27. Be4 g6 28. Ng4 Bd1+ 29. Kf2 Bxg4 0-1

[Event "*** MasterClass Titled Tuesday Blitz"]
[Site "Chess.com"]
[Date "2017.12.12"]
[Round "3"]
[White "KhalilMousavi77"]
[Black "MartinZumsande"]
[Result "1-0"]
[WhiteElo "2459"]
[BlackElo "2455"]
[TimeControl "180+2"]
[EndTime "13:32:59 PST"]
[Termination "KhalilMousavi77 won by resignation"]

1. e4 e6 2. d4 d5 3. Nc3 Nf6 4. e5 Nfd7 5. f4 c5 6. Nf3 Nc6 7. Be3 Be7 8. g3 b6 9. Bg2 f5 10. exf6 Nxf6 11. Ne5 Bb7 12. Ne2 Nxe5 13. fxe5 Ne4 14.
Nf4 Qd7 15. Qh5+ Kd8 16. Qf7 Ng5 17. Qxg7 Kc7 18. O-O Rhg8 19. Qh6 cxd4 20. Bxd4 Bf8 21. Qh5 Rd8 22. Rad1 Qa4 23. h4 Ne4 24. Qf7+ Kc8 25. Qxg8 Qxa2 26. Qxe6+ 1-0

[Event "*** MasterClass Titled Tuesday Blitz"]
[Site "Chess.com"]
[Date "2017.12.12"]
[Round "3"]
[White "JSPrepz"]
[Black "GrigorGrigorov"]
[Result "1-0"]
[WhiteElo "2731"]
[BlackElo "2569"]
[TimeControl "180+2"]
[EndTime "13:33:08 PST"]
[Termination "JSPrepz won by resignation"]

1. e4 c5 2. Nf3 d6 3. Nc3 Nf6 4.
e5 dxe5 5. Nxe5 e6 6. Bb5+ Bd7 7. Nxd7 Nbxd7 8. O-O Be7 9. d4 O-O 10. d5 exd5 11. Nxd5 Nb6 12. Nxe7+ Qxe7 13. Re1 Qc7 14.
Bg5 c4 15. Bxf6 gxf6 16. Qg4+ Kh8 17. Qh4 Rg8 18. Qxf6+ Rg7 19. Re7 Qc5 20. Rxf7 Rg8 21.
Rd1 Nd5 22. Qe5 Qxb5 23. Rxg7 Rxg7 24. Rxd5 Qb6 25. Rd7 1-0

[Event "*** MasterClass Titled Tuesday Blitz"]
[Site "Chess.com"]
[Date "2017.12.12"]
[Round "3"]
[White "A-Fier"]
[Black "bascheyaro"]
[Result "1-0"]
[WhiteElo "2619"]
[BlackElo "2634"]
[TimeControl "180+2"]
[EndTime "13:33:22 PST"]
[Termination "A-Fier won by resignation"]

1. d4 Nf6 2. c4 e6 3. Nf3 d5 4.
Nc3 Be7 5. Bf4 c6 6. e3 Nbd7 7.
h3 O-O 8. Qc2 h6 9. Rd1 a6 10.
b3 b5 11. c5 b4 12. Na4 a5 13.
Be2 Ba6 14. O-O Bxe2 15. Qxe2 Ne4 16. Ne1 e5 17. Bh2 exd4 18. exd4 Re8 19. Nf3 Bf6 20. Qd3 Re6 21. Ne1 Qe8 22. Nc2 Bd8 23. Ne3 Ra7 24. Nf5 Rf6 25. Nd6 Nxd6 26. cxd6 Nb6 27. Nc5 Qf8 28. Rfe1 g6 29. Re2 Rxd6 30. Rde1 Re7 31.
Bxd6 Rxe2 32. Qxe2 Qxd6 33. Qe8+ Qf8 34. Qxc6 1-0

[Event "*** MasterClass Titled Tuesday Blitz"]
[Site "Chess.com"]
[Date "2017.12.12"]
[Round "3"]
[White "chidori_boruto"]
[Black "djogrodek1"]
[Result "1-0"]
[WhiteElo "2519"]
[BlackElo "2323"]
[TimeControl "180+2"]
[EndTime "13:33:28 PST"]
[Termination "chidori_boruto won by resignation"]

1. d4 d5 2. Nf3 Nf6 3. c4 c6 4. e3 Bf5 5. Nc3 e6 6. Nh4 Be4 7. f3 Bg6 8. Qb3 Qc7 9. Bd2 Be7 10. Nxg6 hxg6 11. g3 O-O 12. Rc1 Qd7 13. Kf2 Rd8 14.
Be2 dxc4 15. Qxc4 c5 16. Rhd1 cxd4 17. exd4 Nc6 18. Be3 Rac8 19. Qa4 a6 20. a3 Nd5 21. Nxd5 Qxd5 22. f4 Bf6 23. Bf3 Qa2 24. Rd2 Bxd4 25.
Bxd4 Rxd4 26. Rxd4 Qxb2+ 27. Rc2 Qb6 28. Bxc6 bxc6 1-0

[Event "*** MasterClass Titled Tuesday Blitz"]
[Site "Chess.com"]
[Date "2017.12.12"]
[Round "3"]
[White "TijanaBlagojevic"]
[Black "ENEASZ"]
[Result "0-1"]
[WhiteElo "2373"]
[BlackElo "2409"]
[TimeControl "180+2"]
[EndTime "13:33:34 PST"]
[Termination "ENEASZ won by resignation"]

1. e4 d6 2. d4 Nf6 3. Nc3 e5 4. Nf3 Nbd7 5. a4 Be7 6. Bc4 O-O 7. O-O c6 8. a5 Nxe4 9. Nxe4 d5 10. Re1 exd4 11. Qxd4 Nf6 12. Bxd5 Qxd5 13. Nxf6+ Bxf6 14. Qxd5 cxd5 15. c3 h6 16. Bf4 Bg4 17. Ne5 Bf5 18. a6 bxa6 19. Rxa6 Rab8 20. Rxa7 Rxb2 21. h3 Re8 22. g4 Be4 23. Nxf7 Bxc3 24. Rc1 Bd4 25.
Bxh6 Bxf2+ 26. Kf1 Bxa7 0-1

[Event "*** MasterClass Titled Tuesday Blitz"]
[Site "Chess.com"]
[Date "2017.12.12"]
[Round "3"]
[White "amaidel"]
[Black "juniortay"]
[Result "1-0"]
[WhiteElo "2488"]
[BlackElo "2320"]
[TimeControl "180+2"]
[EndTime "13:33:39 PST"]
[Termination "amaidel won by resignation"]

1. e4 e5 2. Nf3 Nf6 3. Nc3 Nc6 4.
g3 Nxe4 5. Nxe4 d5 6. Neg5 e4 7. d3 exf3 8. Qxf3 Qe7+ 9. Qe3 Nd4 10. Kd2 Ne6 11. Nxe6 Bxe6 12. Bg2 c6 13. Re1 Qb4+ 14. c3 Qc5 15. Qxc5 Bxc5 16. d4 Bd6 17. Bh3 Kd7 18.
Bxe6+ fxe6 19. f4 c5 20. dxc5 Bxc5 21. Kd3 b5 22. Be3 Rac8 23. a4 b4 24. Bd2 Rb8 25.
c4 Rhe8 26. Rac1 Rbc8 27. cxd5 exd5 28. Rxe8 Kxe8 29. Be3 1-0

[Event "*** MasterClass Titled Tuesday Blitz"]
[Site "Chess.com"]
[Date "2017.12.12"]
[Round "3"]
[White "Sam_ChessMood"]
[Black "walkingcreep"]
[Result "1-0"]
[WhiteElo "2613"]
[BlackElo "2397"]
[TimeControl "180+2"]
[EndTime "13:33:40 PST"]
[Termination "Sam_ChessMood won by resignation"]

1. e4 c5 2. Nf3 e6 3. d4 cxd4 4. Nxd4 Nf6 5. Nc3 d6 6. g4 h6 7. Rg1 a6 8. Be3 b5 9. f3 Bb7 10. h4 g6 11. g5 hxg5 12. hxg5 Nfd7 13. Qd2 Rh4 14. O-O-O Ne5 15. Qf2 Rh8 16. f4 Nc4 17. Bxc4 bxc4 18. f5 e5 19. fxg6 fxg6 20. Ne6 Qe7 21. Nd5 Bxd5 22. exd5 c3 23. bxc3 Nc6 24. Rh1 Rg8 25. Bb6 Rc8 26. Rh4 Nb8 27. Rdh1 Nd7 28. Rh7 Bg7 29. Rf1 Nxb6 30. Qxb6 e4 31. Qxa6 Qd7 32. Nxg7+ Rxg7 33. Rh8+ 1-0